 Dungeon Crawl Stone Soup version 0.30-a0-571-gdf30a72648 (webtiles) character file.

Game seed: 5946595701080411441

45 Shayle the Conjurer (level 3, -6/22 HPs)
             Began as a Tengu Reaver on Dec 29, 2022.
             Killed by nerve-wracking pain
             ... invoked by Jessica
              (13 damage)
             ... on level 2 of the Dungeon.
             The game lasted 00:02:44 (735 turns).

Shayle the Conjurer (Tengu Reaver)                   Turns: 735, Time: 00:02:44

Health: -6/22      AC:  3    Str: 12    XL:     3   Next: 64%
Magic:  7/7        EV: 12    Int: 15    God:
Gold:   45         SH:  0    Dex: 12    Spells: 5/6 levels left

rFire   . . .      SeeInvis .    a - +0 spear
rCold   . . .      Faith    .    (no shield)
rNeg    . . .      Spirit   .    b - +0 leather armour
rPois   .          Reflect  .    (helmet restricted)
rElec   .          Harm     .    (no cloak)
rCorr   .          Rampage  .    (no gloves)
Will    .....                    (boots unavailable)
Stlth   +                        (no amulet)
HPRegen 0.23/turn                (no ring)
MPRegen 0.10/turn                (no ring)

@: attractive
A: beak, talons 3
a: no special abilities


You were on level 2 of the Dungeon.
You visited 1 branch of the dungeon, and saw 2 of its levels.

You collected 45 gold pieces.

Inventory:

Hand Weapons
 a - a +0 spear (weapon)
Armour
 b - a +0 leather armour (worn)
Scrolls
 c - 2 scrolls of identify {unknown}
 d - 2 scrolls of teleportation {unknown}
 e - a scroll of noise {unknown}
 h - 2 scrolls of blinking {unknown}
Potions
 g - a potion of flight {unknown}


   Skills:
 + Level 2.4 Fighting
 - Level 3.2 Polearms
 + Level 2.7 Dodging
 + Level 2.3 Spellcasting
 - Level 4.0 Conjurations
 + Level 1.2 Necromancy
 + Level 0.8 Earth Magic


You had 5 spell levels left.
You knew the following spells:

 Your Spells              Type           Power      Damage    Failure   Level
a - Kiss of Death         Conj/Necr      36%        2d8       10%         1

Your spell library contained the following spells:

 Spells                   Type           Power      Damage    Failure   Level
 Necrotise                Necr           20%        1d5       16%         1
 Momentum Strike          Conj/Tloc      14%        3d8       19%         2
 Apportation              Tloc           2%         N/A       26%         1
 Summon Small Mammal      Summ           4%         N/A       26%         1
 Hailstorm                Conj/Ice       7%         3d4       34%         3


Dungeon Overview and Level Annotations

Branches:
Dungeon (2/15)

Altars:

Shops:
D:1 *

Annotations:
D:2 Jessica


Innate Abilities, Weirdness & Mutations

You have a beak for a mouth.
You have claws for feet.


Message History

h - 2 scrolls labelled CILOARR BEPT You now have 45 gold pieces (gained 9).
Jessica the Apprentice Sorceress comes into view.
She is wielding a +0 club.
Jessica shouts!
Jessica barely misses you.
You closely miss Jessica. You claw Jessica.
Jessica is lightly wounded.
Jessica casts a spell.
Jessica blinks!
Jessica drinks a potion.
Jessica's spells are empowered!
Jessica gestures at you while chanting. Pain shoots through your body!
Ouch! That really hurt!
Jessica points at you and mumbles some strange words.
You barely resist. You barely miss Jessica. You claw Jessica.
Jessica is moderately wounded.
Jessica hits you with a +0 club.
You closely miss Jessica. Your kick misses Jessica.
Jessica is moderately wounded.
Jessica hits you with a +0 club.
* * * LOW HITPOINT WARNING * * *
You hit Jessica but do no damage. Your kick misses Jessica. You peck Jessica.
Jessica is heavily wounded.
Jessica gestures wildly while chanting.
Jessica blinks!
You aren't carrying any items that you can evoke.
Unknown command.
It was a potion of attraction.
You feel attractive to monsters. Jessica is attracted toward you.
You hit Jessica. You claw Jessica, but do no damage.
Jessica is almost dead.
Jessica hits you but does no damage.
You closely miss Jessica. Your kick misses Jessica.
Jessica is almost dead.
Jessica points at you and mumbles some strange words.
Pain shoots through your body!
Ouch! That really hurt!
You die...

## ######### .#
#.......#
.#########.#####.###
...#.......#.......#
...#.#######.###...#
...#...#
#.#######.#..
#.####.#
#....@@..ยง...
#....#.#
#########....
####.#.# # #.#.#
#.#.# #...# ###.#
###


You could see Jessica (empowered).

Vanquished Creatures
  An adder (D:2)
  2 ball pythons (D:2)
  2 endoplasms (D:1)
  A giant cockroach (D:1)
  3 goblins (D:1)
  4 hobgoblins
  3 jackals (D:1)
  4 kobolds
  3 quokkas (D:1)
  4 bats
  3 frilled lizards (D:1)
  3 rats
33 creatures vanquished.

Notes
Turn   | Place    | Note
-------+----------+-------------------------------------------
     0 | D:1      | Shayle the Tengu Reaver began the quest for the Orb.
     0 | D:1      | Reached XP level 1. HP: 12/12 MP: 4/4
    28 | D:1      | Found a faded altar of an unknown god.
    95 | D:1      | Reached XP level 2. HP: 6/17 MP: 6/6
   213 | D:1      | Found Zissusefo's Assorted Antiques.
   314 | D:1      | Reached skill level 1 in Necromancy
   401 | D:1      | Reached XP level 3. HP: 16/21 MP: 7/7
   722 | D:2      | Noticed Jessica
   735 | D:2      | Killed from afar by Jessica

Illustrated notes

Levels and vault maps discovered:
D:1:      shiori_arrival_oz, layout_rooms, serial_shops,
          nicolae_shop_statue_plus, ebering_ecumenical_altar_abandoned
D:2:      layout_basic, uniq_jessica

Skill      XL: |  1  2 |
---------------+-------+-----
Necromancy     | 1 |  1.2
Fighting       | |  2.4
Polearms       | |  3.2
Dodging        | |  2.7
Spellcasting   | |  2.3
Conjurations   | |  4.0
Earth Magic    | |  0.8

Action                   || total
-------------------------++-------
Melee: Spear             ||    93
       Kick              ||    27
       Peck              ||     9
  Use: Potion            ||     1
Armor: Leather armour    ||    36
Dodge: Dodged            ||    61

Table legend: (Time is in decaauts)
 A = Elapsed time spent in this place.
 B = Non-inter-level travel time spent in this place.
 C = Inter-level travel time spent in this place.
 D = Time resting spent in this place.
 E = Time spent auto-exploring this place.
 F = Levels seen in this place.
 G = Mean time per level.
                   A        B        C        D        E       F      G
               +--------+--------+--------+--------+--------+-----+--------+
         Total |    729 |    713 |     16 |     58 |    321 |   2 |  364.5 |
       Dungeon |    729 |    713 |     16 |     58 |    321 |   2 |  364.5 |
               +--------+--------+--------+--------+--------+-----+--------+

Top non-repeatable levels by time:
     D:1: 571 daAuts
     D:2: 157 daAuts
